 Dungeon Crawl Stone Soup version 0.20.1-1-g8b1a95d (webtiles) character file.

126 dohliylev the Sneak (level 4, -3/34 HPs)
             Began as a Vampire Assassin on July 7, 2017.
             Slain by an orc priest
             ... wielding a +0 mace
              (8 damage)
             ... on level 3 of the Dungeon.
             The game lasted 00:13:21 (1788 turns).

dohliylev the Sneak (Vampire Assassin)              Turns: 1788, Time: 00:13:21

Health: -3/34      AC:  3    Str: 10    XL:     4   Next: 83%
Magic:  4/4        EV: 12    Int: 13    God:
Gold:   137        SH:  0    Dex: 16    Spells: 3/3 levels left

rFire    . . .     SeeInvis +   k - +0 dagger (venom)
rCold    . . .     Gourm    .   (no shield)
rNeg     . . .     Faith    .   c - +0 robe
rPois    .         Spirit   .   (no helmet)
rElec    .         Reflect  .   d - +0 cloak
rCorr    .         Harm     .   (no gloves)
MR       .....                  (no boots)
Stlth    ++++......             (no amulet)
Regen    0.4/turn               i - ring of see invisible
MPRegen  0.1/turn               (no ring)

@: regenerating quickly
A: fangs 3, see invisible, unbreathing
a: no special abilities


You were on level 3 of the Dungeon.
You were full.

You visited 1 branch of the dungeon, and saw 3 of its levels.

You collected 137 gold pieces.

Inventory:

Hand Weapons
 a - a +2 dagger
 b - a +0 blowgun
 k - a +0 dagger of venom (weapon)
 n - a +0 dagger of electrocution
 q - a +1 dagger of venom
Missiles
 e - 8 poisoned needles
 f - 2 curare-tipped needles
Armour
 c - a +0 robe (worn)
 d - a +0 cloak (worn)
Jewellery
 i - a ring of see invisible (left hand)
Wands
 o - a wand of confusion (30/48)
Scrolls
 h - 3 scrolls of amnesia {unknown}
 j - 3 scrolls of teleportation {unknown}
 l - a scroll of blinking {unknown}
 m - 3 scrolls of identify {unknown}
 p - a scroll of magic mapping {unknown}
 r - 2 scrolls of remove curse {unknown}
 s - a scroll of enchant armour {unknown}
Potions
 g - 18 potions of blood


   Skills:
 + Level 2.4 Fighting
 + Level 3.2 Short Blades
 + Level 1.7 Throwing
 + Level 1.9 Dodging
 * Level 7.7 Stealth


You had 3 spell levels left.
You didn't know any spells.

Dungeon Overview and Level Annotations

Branches:
Dungeon (3/15)

Altars:
Gozag


Innate Abilities, Weirdness & Mutations

Your natural rate of healing is unusually fast.
You have razor-sharp teeth.
You have supernaturally acute eyesight. (SInv)
You can survive without breathing.


Message History

The orc priest invokes the aid of Beogh against you.
Beogh smites you!
You see here a club.
An ooze comes into view.
An ooze is nearby!
An ooze is nearby!
The ooze moves out of view.
You hit the orc priest but do no damage.
The orc priest is poisoned.
Your bite misses the orc priest. The orc priest hits you with a mace.
You barely miss the orc priest. You bite the orc priest.
The orc priest is lightly wounded.
The orc priest invokes the aid of Beogh against you.
Beogh smites you!
* * * LOW HITPOINT WARNING * * *
The orc shouts!
You hit the orc priest but do no damage.
The orc priest is lightly wounded.
The orc priest hits you with a mace!
You die...

#.....##.###..... #
####.....##)# #..... ..
#........##.# ##....
...#...##..##..#.####....
....o## ##.###...........
#..o.###...###..##.....
#...o##.# #..##.....
.#######o##.###.)###....
.o.....@..........#.....
.###########..#.#.[.#...
##.#.##..)...
#...#....... #..#..#....
#....##.... #...###....
.......(.... #..####.....


You could see 2 orc priests and an orc.

Vanquished Creatures
  4 adders (D:2)
  An ooze (D:2)
  2 dart slugs
  2 worms
  3 leopard geckos
  7 orcs (D:3)
  8 bats
  6 goblins
  8 hobgoblins
  5 jackals
  7 kobolds
  2 ball pythons (D:2)
  6 frilled lizards
  3 rats
64 creatures vanquished.

Notes
Turn   | Place    | Note
-------+----------+-------------------------------------------
     0 | D:1      | dohliylev the Vampire Assassin began the quest for the Orb.
     0 | D:1      | Reached XP level 1. HP: 16/16 MP: 1/1
    28 | D:1      | Reached skill level 6 in Stealth
   216 | D:1      | Reached XP level 2. HP: 20/22 MP: 2/2
   696 | D:2      | Reached XP level 3. HP: 18/27 MP: 3/3
   782 | D:2      | Reached skill level 7 in Stealth
  1018 | D:2      | Reached XP level 4. HP: 31/34 MP: 4/4
  1529 | D:3      | Found an opulent altar of Gozag.
  1788 | D:3      | Slain by an orc priest

Skill      XL: |  1  2  3  4 |
---------------+-------------+-----
Stealth        | 6 7 |  7.7
Fighting       | 2 |  2.4
Short Blades   | 3 |  3.2
Throwing       | |  1.7
Dodging        | |  1.9

Action                   |  1- 3 |  4- 6 || total
-------------------------+-------+-------++-------
Melee: Dagger            |   104 |    83 ||   187
       Bite              |     6 |     9 ||    15
 Fire: Blowgun           |       |     4 ||     4
 Stab: Sleeping          |     8 |     7 ||    15
  Eat: Corpse            |     6 |     3 ||     9
Armor: Robe              |    20 |    10 ||    30
Dodge: Dodged            |    46 |    45 ||    91
